Map: 세룰리안 폴 - 래더

Players

Nerchio - Winner!

  • Race: Zerg Zerg
  • League: Master
  • Spawn Location: 7:00

llllllllllll (GuMiho)

  • Race: Terran Terran
  • Spawn Location: 1:00

Event: IEM Season 13 - Katowice Server Qualifiers Europe

VOD

Have the link to the VOD?

Description

Time

  • Played on: Jan. 8, 2019, 10:29 a.m.
  • Length: 11:00

All games in this series

Show
View Real Time Build Order
Export as new Build Order

Nerchio Zerg - Winner!

Build Orders: Hatch First 

Get SALT Encoding   

  12  0:00  Drone  
  13  0:12  Overlord  
  13  0:17  Drone  
  14  0:30  Drone x2  
  16  0:48  Hatchery  
  15  0:51  Drone  
  15  0:55  Drone  
  17  0:58  Drone  
  18  1:08  Extractor  
  17  1:13  Spawning Pool  
  17  1:17  Drone  
  17  1:20  Drone  
  18  1:27  Drone  
  19  1:37  Overlord  
  19  1:48  Drone  
  20  2:00  Queen x2, Zergling x2  
  20  2:01  Zergling x2  
  26  2:07  Metabolic Boost  
  26  2:11  Drone  
  26  2:14  Drone  
  28  2:21  Drone x2  
  30  2:32  Drone  
  30  2:33  Drone  
  30  2:35  Queen  
  34  2:42  Overlord  
  34  2:45  Queen  
  36  3:00  Drone x3  
  39  3:07  Overlord  
  39  3:08  Drone x5  
  44  3:25  Hatchery  
  44  3:26  Drone  
  44  3:27  Drone x2  
  46  3:32  Baneling Nest, Drone  
  46  3:33  Drone  
  47  3:39  Queen  
  49  3:43  Overlord  
  49  3:45  Drone x2  
  49  3:47  Drone  
  52  3:53  Evolution Chamber  
  52  3:54  Drone  
  52  3:57  Overlord  
  52  4:01  Drone x3  
  55  4:03  Drone  
  55  4:08  Drone x3  
  59  4:10  Extractor  
  59  4:11  Drone  
  59  4:14  Drone  
  59  4:16  Drone x2  
  62  4:19  Queen  
  62  4:23  Drone  
  65  4:25  Lair  
  65  4:29  Overlord  
  65  4:32  Overlord  
  65  4:40  Overlord  
  65  4:42  Drone  
  65  4:43  Extractor  
  65  4:46  Drone  
  65  4:47  Drone  
  65  4:48  Drone  
  65  4:49  Drone x6  
  65  4:52  Spore Crawler  
  73  4:54  Spore Crawler  
  73  4:58  Drone  
  73  5:01  Spore Crawler  
  73  5:03  Zergling x4  
  74  5:07  Zerg Missile Weapons Level 1  
  74  5:10  Extractor, Zergling x2  
  74  5:11  Zergling x4  
  76  5:20  Zergling x2  
  76  5:21  Zergling x8  
  81  5:25  Hatchery, Hydralisk Den  
  81  5:27  Extractor, Drone x3  
  81  5:28  Drone  
  82  5:31  Overseer  
  82  5:32  Drone  
  82  5:35  Drone x2  
  85  5:36  Centrifical Hooks  
  85  5:38  Drone  
  85  5:40  Drone  
  85  5:42  Drone  
  88  5:45  Overlord x2  
  88  5:48  Overlord  
  88  5:53  Overlord x2  
  88  5:56  Baneling x4  
  88  6:04  Hydralisk x3, Grooved Spines  
  88  6:08  Extractor  
  93  6:12  Hydralisk x2  
  93  6:17  Drone x7  
  104  6:22  Hydralisk  
  104  6:23  Hydralisk  
  108  6:27  Extractor  
  108  6:28  Infestation Pit  
  108  6:29  Hydralisk  
  108  6:35  Zergling x12  
  108  6:36  Zergling x2  
  115  6:43  Zergling x8  
  109  6:48  Hydralisk  
  109  6:49  Hydralisk x3  
  109  6:52  Zergling x2  
  109  6:53  Zergling x4  
  108  6:58  Hydralisk  
  104  7:02  Hydralisk x2  
  104  7:03  Hydralisk x2  
  104  7:04  Hydralisk  
  112  7:08  Drone x3  
  112  7:09  Drone  
  112  7:10  Drone  
  112  7:11  Drone  
  112  7:13  Drone x2  
  119  7:15  Drone x2  
  119  7:16  Drone  
  119  7:18  Drone  
  119  7:19  Drone  
  119  7:21  Muscular Augments  
  123  7:23  Queen  
  123  7:27  Queen  
  123  7:29  Zerg Missile Weapons Level 2  
  127  7:33  Baneling  
  127  7:34  Evolution Chamber, Baneling x5  
  127  7:35  Baneling  
  126  7:41  Pneumatized Carapace  
  126  7:44  Overlord x3, Spore Crawler  
  126  7:47  Overlord  
  125  7:53  Zergling x2  
  125  7:54  Zergling x10  
  131  8:01  Hive  
  131  8:02  Zerg Ground Armor Level 1  
  131  8:06  Hydralisk  
  131  8:07  Hydralisk x2  
  137  8:22  Hatchery  
  137  8:27  Hydralisk x7  
  136  8:31  Zergling x8  
  136  8:32  Zergling x2  
  150  8:46  Zergling x26  
  155  8:57  Zergling x2  
  155  8:58  Zergling x6  
  157  9:02  Baneling  
  157  9:03  Baneling x12  
  157  9:07  Zergling x2  
  157  9:08  Zergling x2  
  159  9:12  Zergling x4  
  147  9:26  Hydralisk  
  147  9:27  Hydralisk x3  
  147  9:28  Hydralisk  
  147  9:29  Hydralisk  
  147  9:32  Hydralisk x2, Overseer  
  147  9:36  Hydralisk x3  
  153  9:41  Hydralisk x3  
  149  9:46  Hydralisk  
  141  9:53  Hydralisk x3  
  141  9:54  Queen  
  141  9:56  Overseer  
  141  9:59  Hydralisk  
  143  10:05  Hydralisk x6  
  143  10:07  Zergling x2  
  156  10:10  Overseer x2  
  156  10:17  Zergling x10  
  159  10:29  Hatchery  
  159  10:33  Zergling x16  
  166  10:36  Overlord x5  
  166  10:42  Baneling x12  
  166  10:50  Spore Crawler  
  166  10:56  Spore Crawler  
Show
View Real Time Build Order
Export as new Build Order

llllllllllll Terran 

Build Orders: Reaper Expand, Hellion Banshee, Mech 

Get SALT Encoding   

  12  0:01  SCV  
  13  0:13  SCV  
  14  0:17  Supply Depot  
  14  0:25  SCV  
  15  0:39  SCV  
  15  0:41  Barracks  
  16  0:44  Refinery  
  16  0:51  SCV  
  17  1:03  SCV  
  18  1:15  SCV  
  19  1:28  Orbital Command  
  19  1:29  Reaper  
  20  1:40  Command Center  
  20  1:49  Supply Depot  
  20  1:53  SCV  
  21  2:01  Marine  
  21  2:05  SCV  
  23  2:12  Factory  
  23  2:18  SCV  
  25  2:25  Barracks Reactor  
  24  2:30  SCV  
  25  2:37  Command Center  
  25  2:42  SCV  
  25  2:44  Refinery  
  26  2:54  SCV, Orbital Command  
  27  3:04  Starport  
  27  3:06  SCV  
  27  3:12  Hellion  
  30  3:15  Hellion  
  30  3:18  SCV  
  33  3:20  SCV  
  33  3:22  Barracks Tech Lab  
  34  3:31  SCV  
  34  3:32  SCV  
  36  3:36  Hellion  
  36  3:37  Hellion  
  40  3:45  SCV x2  
  40  3:47  Viking  
  44  3:51  Orbital Command  
  44  3:57  SCV x2  
  44  3:59  Hellion  
  44  4:01  Hellion  
  44  4:02  Barracks Tech Lab  
  50  4:05  Cloaking Field  
  50  4:09  SCV x2  
  52  4:12  Supply Depot  
  52  4:16  Banshee  
  52  4:19  SCV  
  56  4:25  SCV x2  
  56  4:30  Siege Tank  
  61  4:31  Refinery  
  61  4:33  Marine, Refinery  
  61  4:34  SCV  
  61  4:37  SCV  
  64  4:39  Supply Depot  
  64  4:41  SCV  
  64  4:43  Supply Depot  
  64  4:45  Orbital Command  
  65  4:49  SCV  
  65  4:51  Marine x2  
  68  4:54  SCV  
  69  5:01  Supply Depot, Banshee  
  69  5:02  SCV  
  69  5:05  Siege Tank  
  69  5:06  SCV, Supply Depot  
  77  5:11  SCV  
  77  5:14  SCV  
  79  5:18  Marine x2, SCV  
  82  5:21  Factory  
  82  5:24  Factory, SCV  
  82  5:26  SCV, Supply Depot  
  84  5:31  Supply Depot  
  84  5:33  SCV  
  85  5:36  SCV  
  86  5:46  Barracks Tech Lab, Banshee, Hellion x2  
  86  5:47  SCV x2  
  86  5:49  Hyperflight Rotors  
  95  5:53  SCV  
  95  5:54  Refinery  
  95  5:56  Refinery  
  96  5:57  Armory  
  96  6:04  SCV x2  
  98  6:06  SCV  
  98  6:10  Hellion x2  
  103  6:16  SCV x2  
  103  6:18  Supply Depot  
  105  6:19  SCV, Supply Depot  
  106  6:29  Banshee  
  106  6:30  SCV x2  
  106  6:31  Hellion x2  
  115  6:38  Engineering Bay  
  115  6:39  Cyclone  
  105  6:48  Cyclone  
  105  6:51  SCV x2  
  105  6:52  Hellion  
  105  6:53  Hellion  
  106  6:57  SCV  
  103  7:01  Supply Depot  
  103  7:03  SCV  
  97  7:10  SCV x2  
  97  7:13  Hellion  
  97  7:14  Banshee, Hellion  
  105  7:15  SCV  
  105  7:16  Command Center  
  105  7:19  Terran Vehicle And Ship Armor Level 1  
  105  7:21  Armory  
  105  7:29  Factory  
  105  7:31  Factory  
  105  7:33  SCV x3  
  105  7:35  Supply Depot  
  105  7:36  Cyclone x2  
  114  7:43  Infernal Pre-Igniter  
  114  7:45  Hellion x2  
  118  7:52  SCV x3  
  118  7:57  Mag-Field Accelerator  
  121  7:58  Banshee  
  121  8:04  Sensor Tower  
  124  8:06  Hellion x2  
  124  8:08  SCV x3  
  131  8:14  Factory Reactor, Factory Tech Lab  
  131  8:16  Cyclone x2  
  131  8:18  Factory  
  131  8:19  Factory  
  137  8:20  Refinery  
  137  8:21  Factory  
  137  8:22  Terran Vehicle Weapons Level 1  
  137  8:24  Refinery  
  137  8:32  Hellion x2  
  141  8:38  Planetary Fortress  
  141  8:40  Hellion  
  142  8:48  SCV x3  
  142  8:49  Hellion x2  
  142  8:50  Banshee  
  142  8:53  Hellion  
  147  8:58  Hellion x2  
  147  8:59  Hellion  
  147  9:01  Hellion  
  151  9:04  Factory Tech Lab x3  
  151  9:08  Missile Turret  
  151  9:09  Missile Turret  
  151  9:10  Cyclone x2  
  151  9:14  Hellion  
  159  9:20  Hellion  
  159  9:23  Cyclone x3  
  152  9:24  Hellion x3  
  127  9:36  Hellion  
  114  9:41  Hellion  
  114  9:42  Cyclone x2  
  114  9:46  Hellion x2  
  117  10:06  Supply Depot x2  
  117  10:08  Supply Depot  
  117  10:10  Supply Depot  
  117  10:11  Supply Depot  
  117  10:14  Command Center  
  114  10:20  Supply Depot x2  
  114  10:23  Supply Depot  
  114  10:27  SCV  
  114  10:28  Cyclone x3  

Tags
 
Add a new tag
Caveats
  • Supply blocks, unpowered buildings, or Contaminate may cause inaccurate times.
  • Supply counts are checked every 10 seconds.